 Dungeon Crawl Stone Soup version 0.24.0-13-gcf9b319 (webtiles) character file.

Game seed: 1373512315791329961, levelgen mode: deterministic

260 southernslant the Poker (level 6, 0/48 HPs)
             Began as a Merfolk Skald on Jan 16, 2020.
             Slain by a centaur zombie (2 damage)
             ... in an ossuary.
             The game lasted 00:18:05 (3280 turns).

southernslant the Poker (Merfolk Skald)             Turns: 3280, Time: 00:18:07

Health: 0/48       AC:  3    Str: 14    XL:     6   Next: 17%
Magic:  8/10       EV:  7    Int: 12    God:
Gold:   186        SH:  0    Dex: 13    Spells: 2/10 levels left

rFire    . . .     SeeInvis .   a - +0 spear
rCold    . . .     Gourm    .   (no shield)
rNeg     . . .     Faith    .   b - +0 leather armour
rPois    +         Spirit   .   (no helmet)
rElec    .         Reflect  .   (no cloak)
rCorr    .         Harm     .   (no gloves)
MR       .....                  (no boots)
Stlth    +.........             (no amulet)
HPRegen  0.16/turn              x - ring of poison resistance
MPRegen  0.12/turn              (no ring)

@: marked, flying, held
A: change form in water, swift swim, stealthy swim
a: no special abilities


You were in an ossuary.
You were near starving.

You visited 1 branch of the dungeon, and saw 4 of its levels.
You also visited: Ossuary.

You collected 186 gold pieces.

Inventory:

Hand Weapons
 a - a +0 spear (weapon)
 s - a +0 hunting sling
Missiles
 i - 129 stones
 v - 6 poisoned darts (quivered)
Armour
 b - a +0 leather armour (worn)
Magical Staves
 r - an uncursed staff of power {unknown}
Jewellery
 x - a ring of poison resistance (left hand)
Scrolls
 e - 2 scrolls of amnesia {unknown}
 f - 4 scrolls of teleportation
 h - 5 scrolls of identify
 o - a scroll of magic mapping {unknown}
 p - 2 scrolls of remove curse {unknown}
 q - 2 scrolls of enchant weapon {unknown}
 u - a scroll of enchant armour {unknown}
 y - a scroll of random uselessness {unknown}
Potions
 c - a potion of lignification {unknown}
 g - a potion of mutation {unknown}
 j - a potion of haste {unknown}
 k - 2 potions of magic
 l - a potion of might {unknown}
 m - a potion of invisibility {unknown}
 n - a potion of flight
 t - a potion of heal wounds {unknown}
 w - a potion of berserk rage
Comestibles
 d - 10 rations


   Skills:
 + Level 3.9 Fighting
 + Level 4.4 Polearms
 * Level 2.4 Armour
 + Level 4.1 Dodging
 * Level 2.7 Spellcasting
 - Level 3.2 Charms


You had 2 spell levels left.
You knew the following spells:

 Your Spells              Type           Power        Failure   Level  Hunger
a - Infusion              Chrm           #...         9%          1    #......
b - Song of Slaying       Chrm           #.......     12%         2    ###....
c - Shroud of Golubria    Chrm/Tloc      #.....       24%         2    ###....
d - Regeneration          Chrm/Necr      #.........   43%         3    ###....

Your spell library contained the following spells:

 Spells                   Type           Power        Failure   Level  Hunger
 Spectral Weapon          Hex/Chrm       #.......     43%         3    ###....


Dungeon Overview and Level Annotations

Branches:
Dungeon (4/15)            Ossuary (1/1)
 Temple: D:4-7

Altars:
Dithmenos
Nemelex Xobeh
Xom
The Shining One


Message History

Casting: Shroud of Golubria (safe; 24% risk of failure)
Confirm with . or Enter, or press ? or * to list all spells.
Space distorts slightly along a thin shroud covering your body.
You are near starving!
Your shroud bends the centaur zombie's attack away.
The mummy enters a dispersal trap!
The mummy blinks!
The centaur zombie blinks!
The hobgoblin zombie blinks!
The centaur zombie blinks!
You blink.
The mummy blinks!
Your shroud bends the centaur zombie's attack away.
The centaur zombie hits you!
* * * LOW HITPOINT WARNING * * *
Your shroud falls apart!
There is a gate leading back out of this place here.
The centaur zombie barely misses you. The centaur zombie hits you.
* * * LOW HITPOINT WARNING * * *
The mummy drops a net on you. A large net falls onto you!
You become entangled in the net!
You stop descending the stairs.
The centaur zombie hits you but does no damage.
The centaur zombie hits you.
You die...

##.....##
##.^M^^##
#?......#
#......!#
#.M....?#
#......?#
##..MZ.##
##.ZZ##
##@## ###


You could see 3 mummies, a hobgoblin zombie and 2 centaur zombies.

Vanquished Creatures
  A crimson imp (D:3)
  2 orc priests (D:3)
  An orc wizard (D:3)
  A worker ant (D:3)
  6 adders
  An ooze (D:2)
  2 worms (D:2)
  A dart slug (D:3)
  A leopard gecko (D:1)
  7 orcs (D:3)
  9 bats
  2 giant cockroaches
  2 goblins (D:2)
  4 hobgoblins
  3 ball pythons
  2 frilled lizards
  A kobold (D:3)
  8 rats
54 creatures vanquished.

Notes
Turn   | Place    | Note
-------+----------+-------------------------------------------
     0 | D:1      | southernslant the Merfolk Skald began the quest for the
                  | Orb.
     0 | D:1      | Reached XP level 1. HP: 16/16 MP: 3/3
   240 | D:1      | Reached skill level 1 in Armour
   240 | D:1      | Reached XP level 2. HP: 14/23 MP: 5/5
   247 | D:1      | Learned a level 2 spell: Song of Slaying
   250 | D:1      | Learned a level 2 spell: Shroud of Golubria
   257 | D:1      | Found a sparkling altar of Nemelex Xobeh.
   847 | D:2      | Found a sparkling altar of Nemelex Xobeh.
   855 | D:2      | Reached XP level 3. HP: 24/28 MP: 0/6
  1121 | D:2      | Reached XP level 4. HP: 9/35 MP: 4/7
  1911 | D:3      | Reached XP level 5. HP: 29/41 MP: 1/8
  1940 | D:3      | Learned a level 3 spell: Regeneration
  2528 | D:3      | Found a shadowy altar of Dithmenos.
  2528 | D:3      | Found a glowing golden altar of the Shining One.
  2576 | D:3      | Found a shimmering altar of Xom.
  2805 | D:3      | Reached XP level 6. HP: 28/48 MP: 9/9
  3220 | D:4      | Found a sand-covered staircase.
  3227 | Ossuary  | Entered an ossuary
  3280 | Ossuary  | HP: 2/48 [centaur zombie (3)]
  3280 | Ossuary  | Slain by a centaur zombie

Levels and vault maps discovered:
D:1:      grunt_arrival_crossed_arrows, layout_basic,
          nemelex_diamond_rough_becter
D:2:      layout_basic, first_ration, nemelex_xobeh_ov_fountains_minmay
D:3:      layout_loops_ring, gammafunk_temple_overflow_forgotten
D:4:      layout_loops_ring, nicolae_ossuary_entry_monument, serial_shops,
          nicolae_shop_temple_entry_statues_fountains, shop,
          kennysheep_mini_moat, nicolae_shop_behind_doors, minmay_misc_feat_chi,
          grunt_qazlal_sundering
Ossuary:  ossuary_the_hunt_dpeg

Skill      XL: |  1  2  3  4  5 |
---------------+----------------+-----
Armour         | 1 2 |  2.4
Dodging        | 3 4 |  4.1
Fighting       | 3 |  3.9
Polearms       | 4 |  4.4
Spellcasting   | |  2.7
Charms         | |  3.2

Action                   |  1- 3 |  4- 6 || total
-------------------------+-------+-------++-------
Melee: Spear             |   109 |   190 ||   299
Throw: Dart              |       |     7 ||     7
 Cast: Infusion          |     5 |    10 ||    15
       Shroud of Golubri |     1 |     9 ||    10
       Regeneration      |       |     9 ||     9
       Song of Slaying   |       |     2 ||     2
  Use: Scroll            |       |     3 ||     3
       Potion            |       |     3 ||     3
 Stab: Sleeping          |     4 |     1 ||     5
  Eat: Chunk             |     1 |     6 ||     7
       Ration            |       |     1 ||     1
Armor: Leather armour    |    25 |    27 ||    52
Dodge: Dodged            |    65 |    85 ||   150
